 Dungeon Crawl Stone Soup version 0.27.0-1-g7a089689b8 (webtiles) character file.

Game seed: 6616140035702968644

28 snetch the Chopper (level 3, -17/49 HPs)
             Began as a Minotaur Berserker on Aug 13, 2021.
             Was a Follower of Trog.
             Demolished by a gnoll (20 damage)
             ... on level 2 of the Dungeon.
             The game lasted 00:01:46 (779 turns).

snetch the Chopper (Minotaur Berserker)              Turns: 779, Time: 00:01:48

Health: -17/49     AC: 11    Str: 22    XL:     3   Next: 0%
Magic:  2/2        EV:  6    Int:  4    God:    Trog [*.....]
Gold:   89         SH:  0    Dex:  9    Spells: 2/2 levels left

rFire    . . .     SeeInvis .   a - +0 hand axe
rCold    . . .     Faith    .   (no shield)
rNeg     . . .     Spirit   .   f - +0 plate armour
rPois    +         Reflect  .   (helmet restricted)
rElec    .         Harm     .   (no cloak)
rCorr    .         Rampage  .   (no gloves)
Will     .....                  (no boots)
Stlth    ..........             (no amulet)
HPRegen  0.16/turn              e - ring of poison resistance
MPRegen  0.08/turn              (no ring)

@: berserking, very quick
A: horns 2, retaliatory headbutt
a: Renounce Religion, Berserk


You were on level 2 of the Dungeon.
You worshipped Trog.
Trog was aware of your devotion.
You visited 1 branch of the dungeon, and saw 2 of its levels.

You collected 89 gold pieces.

Inventory:

Hand Weapons
 a - a +0 hand axe (weapon)
Missiles
 c - 17 arrows
 d - 60 stones (quivered)
Armour
 f - a +0 plate armour (worn)
Jewellery
 e - a ring of poison resistance (left hand)
Scrolls
 b - 2 scrolls of fear {unknown}
 g - a scroll of identify {unknown}
 i - a scroll of teleportation {unknown}
Potions
 h - a potion of degeneration {unknown}


   Skills:
 + Level 4.3 Fighting
 + Level 4.3 Axes
 + Level 2.6 Armour
 + Level 2.3 Dodging


You had 2 spell levels left.
You didn't know any spells.
Your spell library contained the following spells:

 Spells                   Type           Power      Damage    Failure   Level
 Stone Arrow              Conj/Erth      0%         3d7       100%        3
 Bolt of Magma            Conj/Fire/Erth 0%         4d4       100%        5
 Shatter                  Erth           0%         3d5*      100%        9


Dungeon Overview and Level Annotations

Branches:
Dungeon (2/15)

Altars:


Innate Abilities, Weirdness & Mutations

You have a pair of horns on your head.
You reflexively headbutt those who attack you in melee.


Message History

A kobold comes into view. It is wielding a +0 club.
The gnoll hits you but does no damage.
The gnoll hits you from afar with a +0 halberd.
The quokka bites you but does no damage.
The kobold shouts!
You hit the gnoll. You headbutt the gnoll.
The gnoll is moderately wounded.
You hit the quokka but do no damage. The gnoll hits you but does no damage.
The quokka barely misses you. The gnoll hits you but does no damage.
You closely miss the gnoll.
The gnoll is moderately wounded.
You hit the quokka. The quokka barely misses you.
The gnoll hits you with a +0 spear.
The gnoll hits you from afar with a +0 halberd!
The quokka bites you but does no damage.
You hit the quokka.
You kill the quokka!
Trog accepts your kill.
You hit the gnoll but do no damage. The gnoll hits you with a +0 spear.
The gnoll barely misses you.
You have reached level 3!
Your experience leads to an increase in your attributes!
Increase (S)trength, (I)ntelligence, or (D)exterity?
You feel stronger.
A red film seems to cover your vision as you go berserk!
You feel yourself moving faster!
You feel mighty! The gnoll completely misses you.
The gnoll hits you with a +1 whip of electrocution.
You are electrocuted!
* * * LOW HITPOINT WARNING * * *
The gnoll hits you from afar with a +0 halberd!
* * * LOW HITPOINT WARNING * * *
You hit the gnoll. Your headbutt misses the gnoll.
The gnoll is heavily wounded.
You hit the gnoll. The gnoll barely misses you. You furiously retaliate!
You headbutt the gnoll.
You kill the gnoll!
Trog accepts your kill. The gnoll hits you but does no damage.
You are electrocuted!!
You die...

#......#
#......##
#.......#
#.....#.##
#.....#..#
########.#
#.## #..#
##@# #)g.#
##g.# ..#
..# #># ..
...


You could see 2 gnolls.

Vanquished Creatures
  A gnoll (D:2)
  A dart slug (D:1)
  2 bats (D:1)
  4 endoplasms
  2 goblins (D:1)
  A hobgoblin (D:2)
  2 kobolds (D:1)
  A quokka (D:2)
  2 ball pythons
  9 frilled lizards (D:1)
  2 rats
27 creatures vanquished.

Vanquished Creatures (others)
  3 plants (D:1)
3 creatures vanquished.

Grand Total: 30 creatures vanquished

Notes
Turn   | Place    | Note
-------+----------+-------------------------------------------
     0 | D:1      | snetch the Minotaur Berserker began the quest for the Orb.
     0 | D:1      | Reached XP level 1. HP: 19/19 MP: 0/0
   342 | D:1      | Reached XP level 2. HP: 26/27 MP: 1/1
   778 | D:2      | Reached XP level 3. HP: 14/33 MP: 2/2
   779 | D:2      | Demolished by a gnoll

Illustrated notes

Levels and vault maps discovered:
D:1:      ncdulo_lavacross, layout_loops_cross, serial_park_tiny_pond,
          minmay_lizard_king
D:2:      layout_basic, shapermc_ecumenical_altar_flowoftime, serial_shops, shop

Skill      XL: |  1  2 |
---------------+-------+-----
Axes           | 4 |  4.3
Fighting       | 4 |  4.3
Armour         | |  2.6
Dodging        | |  2.3

Action                   || total
-------------------------++-------
Melee: Hand axe          ||    47
       Headbutt          ||     7
Invok: Berserk           ||     1
Armor: Plate armour      ||    30
       Ring mail         ||     1
Dodge: Dodged            ||    23
